 Dungeon Crawl Stone Soup version 0.17-a0-1435-geafbe2f (webtiles) character file.

2825 nubinia the Magician (level 9, -5/41 HPs)
             Began as a Vine Stalker Air Elementalist on June 26, 2015.
             Was a Believer of Ashenzari.
             Killed from afar by Psyche (15 damage)
             ... with a wand of draining
             ... on level 8 of the Dungeon.
             The game lasted 00:52:26 (8966 turns).

nubinia the Magician (VSAE)                         Turns: 8966, Time: 00:52:27

Health: -5/41      AC: 10    Str: 10    XL:     9   Next: 73%
Magic:  0/21       EV: 11    Int: 17    God:    Ashenzari [**....]
Gold:   814        SH:  0    Dex: 17    Spells: 4 memorised, 15 levels left

rFire  . . .     SeeInvis .     o - +3 dagger (drain) (curse)
rCold  . . .     Clarity  .     G - +1 leather armour {rPois}
rNeg   . . .     SustAt   .     (no shield)
rPois  +         Gourm    .     (no helmet)
rElec  .         Spirit   +     F - +0 cloak (curse)
rCorr  .         Warding  .     w - +0 pair of gloves (curse)
rMut   .         Stasis   .     s - +0 pair of boots (curse)
MR     +....                    (no amulet)
Stlth  ++........               k - +3 ring of protection
                                f - ring of flight

@: heavily drained, somewhat resistant to hostile enchantments, unstealthy
A: fangs 3, regeneration 2, magic shield, antimagic bite, no device heal 3, rot
immunity
a: Scrying, Renounce Religion, Evoke Flight


You were on level 8 of the Dungeon.
You worshipped Ashenzari.
Ashenzari was pleased with you.
You were not hungry.

You visited 2 branches of the dungeon, and saw 9 of its levels.
You also visited: Ossuary.

You collected 814 gold pieces.

Inventory:

Hand weapons
 d - a +0 short sword
 o - a cursed +3 dagger of draining (weapon)
 I - a +0 halberd of protection
Armour
 a - a +0 robe
 s - a cursed +0 pair of boots (worn)
 w - a cursed +0 pair of gloves (worn)
 F - a cursed +0 cloak (worn)
 G - a +1 leather armour of poison resistance (worn)
Jewellery
 f - a ring of flight (left hand)
 k - a +3 ring of protection (right hand)
 m - an uncursed ring of see invisible
 y - an uncursed ring of fire
Magical devices
 q - a wand of slowing (24)
 x - a wand of random effects (13)
 A - a wand of hasting (5)
 C - a wand of frost (35)
 E - a wand of polymorph (13)
Scrolls
 e - 2 scrolls of enchant weapon
 h - a scroll of curse armour
 i - 2 scrolls of curse weapon
 u - a scroll of recharging
Potions
 g - 3 potions of curing
 j - a potion of degeneration {unknown}
 l - a potion of agility
 n - a potion of invisibility
 r - 2 potions of poison
 t - 3 potions of flight
 D - 3 potions of haste
 H - a potion of brilliance
 J - a potion of might
Books
 b - a book of Air

   Spells                             Type                      Level
   a - Shock                          Conjuration/Air              1
   b - Swiftness                      Charms/Air                   2
   c - Repel Missiles                 Charms/Air                   2
   d - Static Discharge               Conjuration/Air              3
   e - Lightning Bolt                 Conjuration/Air              5
Comestibles
 c - 10 bread rations
 p - 3 meat rations
 v - 8 fruits
 z - a chunk of flesh
 B - 2 slices of pizza


   Skills:
 + Level 1.3(0.0) Fighting
 + Level 1.2(0.0) Short Blades
 + Level 1.7(0.0) Armour
 + Level 3.2(1.2) Dodging
 + Level 5.2(3.1) Stealth
 + Level 7.5(5.2) Spellcasting
 + Level 6.0(3.8) Conjurations
 + Level 0.4(0.0) Charms
 + Level 7.3(5.0) Air Magic
 + Level 0.1(0.0) Evocations


You had 15 spell levels left.
You knew the following spells:

 Your Spells              Type           Power        Failure   Level  Hunger
a - Shock                 Conj/Air       ###.         3%          1    None
b - Repel Missiles        Chrm/Air       ##....       12%         2    #......
c - Swiftness             Chrm/Air       ##......     12%         2    #......
d - Static Discharge      Conj/Air       ###.....     12%         3    ##.....


Dungeon Overview and Level Annotations

Branches:
Dungeon (8/15)             Temple (1/1) D:5
   Lair: D:8-11

Altars:
Ashenzari
Cheibriados
Dithmenos
Elyvilon
Fedhas
Gozag
Kikubaaqudgha
Makhleb
Nemelex Xobeh
Okawaru
Ru
Sif Muna
Trog
Vehumet
Xom
Yredelemnul
Zin
The Shining One

Annotations:
D:4 1 exclusion, Grinder
D:8 Psyche


Innate Abilities, Weirdness & Mutations

You have razor-sharp teeth.
You heal very quickly.
When hurt, damage is shared between your health and your magic reserves.
Your bite disrupts and absorbs the magic of your enemies.
Potions and wands cannot restore your health.
You are immune to rotting.


Message History

Confirm with . or Enter, or press ? or * to list all spells.
Aiming: Shock
Press: ? - help, Shift-Dir - straight line, f/p - Psyche
Aim: Psyche, wielding a dagger of distortion, wearing a robe and carrying a wand of draining {zapped: 5} (heavily wounded)
The zap hits Psyche.
Psyche is heavily wounded.
Unknown command.
Unknown command.
Unknown command.
Casting: Shock
Confirm with . or Enter, or press ? or * to list all spells.
Aiming: Shock
Press: ? - help, Shift-Dir - straight line, f/p - Psyche
Aim: Psyche, wielding a dagger of distortion, wearing a robe and carrying a wand of draining {zapped: 5} (heavily wounded)
The zap hits Psyche.
Psyche is almost dead.
Psyche zaps a wand.
The bolt of negative energy hits you!
You feel drained.
* * * LOW HITPOINT WARNING * * *
Psyche zaps a wand.
The bolt of negative energy hits you!
You feel drained.
You die...

#...... ,* ,
*+ *#...... ,*
,* ,#.....# *+
, , +.....+ ,
, * ,, #.....#
* , * ,
#.....#+##,,,
, * *
#.....#..#, ,
* ,
+.....'..#* ,
, #.....#@.#*
, ,###'###..#
, * #.<.##@.#
*** * *+
#...##... *,,,
*
,......+....*,
, ,,
..##...##....#
, *#.
#+####....+,,
* # +....# *,
* , *,


You could see Psyche.

Vanquished Creatures
  Sigmund (D:5)
  2 hippogriffs (D:7)
  Edmund (D:5)
  An ice beast (D:5)
  A sky beast (D:5)
  2 ogres (D:5)
  A phantom (D:4)
  A centaur (D:5)
  3 giant frogs
  6 killer bees (D:7)
  A water moccasin skeleton (D:6)
  2 hounds
  Crazy Yiuf (D:4)
  A centaur skeleton (D:5)
  3 orc priests
  4 gnoll shamans (D:5)
  An orc wizard (D:7)
  Terence (D:2)
  3 iguanas
  Natasha (thrice) (D:2 D:4)
  3 worker ants
  3 big kobold zombies (Ossuary)
  2 mummies (Ossuary)
  43 gnolls
  4 adders
  3 oozes
  2 adder skeletons
  An adder zombie (D:7)
  4 worms
  3 giant geckos
  16 orcs
  17 bats
  A bat skeleton (D:6)
  A bat zombie (D:5)
  3 giant cockroaches
  14 goblins
  14 hobgoblins
  19 jackals
  5 quokkas
  A ball python (D:3)
  10 giant newts
  3 gnoll zombies (Ossuary)
  3 goblin zombies (Ossuary)
  4 hobgoblin zombies (Ossuary)
  17 kobolds
  An orc zombie (Ossuary)
  14 rats
250 creatures vanquished.

Notes
Turn   | Place    | Note
--------------------------------------------------------------
     0 | D:1      | nubinia the Vine Stalker Air Elementalist began the quest for the Orb.
     0 | D:1      | Reached XP level 1. HP: 9/9 MP: 4/4
   170 | D:1      | Reached XP level 2. HP: 13/13 MP: 3/6
   202 | D:1      | Learned a level 2 spell: Repel Missiles
   225 | D:1      | Learned a level 2 spell: Swiftness
   494 | D:1      | Found a sparkling altar of Nemelex Xobeh.
   827 | D:1      | Reached XP level 3. HP: 16/16 MP: 0/7
  1649 | D:2      | Noticed Terence
  1703 | D:2      | Found a snail-covered altar of Cheibriados.
  1748 | D:2      | Found a shattered altar of Ashenzari.
  1757 | D:2      | Became a worshipper of Ashenzari the Shackled
  1762 | D:2      | Noticed Natasha
  1769 | D:2      | Killed Natasha
  1769 | D:2      | Reached XP level 4. HP: 19/21 MP: 1/9
  1991 | D:2      | Found a sparkling altar of Nemelex Xobeh.
  2057 | D:2      | Noticed Natasha
  2330 | D:2      | HP: 1/21 [Terence/flail (6)]
  2356 | D:2      | Killed Terence
  2356 | D:2      | Reached skill level 4 in Air Magic
  2356 | D:2      | Reached XP level 5. HP: 7/25 MP: 0/10
  3014 | D:3      | Found a glowing golden altar of the Shining One.
  3434 | D:3      | Gained mutation: You heal very quickly. [Vine Stalker growth]
  3434 | D:3      | Reached XP level 6. HP: 29/29 MP: 9/12
  3931 | D:4      | Noticed Grinder
  4084 | D:4      | Found a glowing silver altar of Zin.
  4085 | D:4      | Found an opulent altar of Gozag.
  4265 | D:4      | Killed Natasha
  4540 | D:4      | Noticed Natasha
  4541 | D:4      | Killed Natasha
  4560 | D:4      | Noticed Crazy Yiuf
  4581 | D:4      | Killed Crazy Yiuf
  4771 | D:5      | Entered Level 5 of the Dungeon
  4820 | D:5      | Reached skill level 5 in Air Magic
  4820 | D:5      | Reached XP level 7. HP: 26/32 MP: 0/14
  4968 | D:5      | Found a burning altar of Makhleb.
  5003 | D:5      | Found a sand-covered staircase.
  5036 | Ossuary  | Entered an ossuary
  5614 | D:5      | Found a staircase to the Ecumenical Temple.
  5646 | Temple   | Entered the Ecumenical Temple
  5753 | Temple   | Acquired Ashenzari's first power
  5857 | D:5      | Reached skill level 5 in Spellcasting
  5865 | D:5      | Learned a level 3 spell: Static Discharge
  6047 | D:5      | Noticed Edmund
  6055 | D:5      | Gained mutation: You have razor-sharp teeth. [Vine Stalker growth]
  6055 | D:5      | Reached XP level 8. HP: 37/37 MP: 10/16
  6124 | D:6      | You fall through a shaft!
  6342 | D:6      | Found a blossoming altar of Fedhas.
  6934 | D:5      | Reached skill level 6 in Air Magic
  6966 | D:5      | Reached skill level 1 in Fighting
  6977 | D:5      | Reached skill level 1 in Short Blades
  7156 | D:5      | Noticed Sigmund
  7160 | D:5      | Killed Sigmund
  7160 | D:5      | Reached skill level 5 in Stealth
  7275 | D:5      | Reached XP level 9. HP: 37/41 MP: 6/19
  7349 | D:5      | Reached skill level 5 in Conjurations
  7572 | D:5      | Killed Edmund
  7572 | D:5      | Reached skill level 1 in Armour
  8165 | D:7      | Reached skill level 7 in Spellcasting
  8559 | D:7      | Found a shimmering altar of Xom.
  8576 | D:7      | Found a radiant altar of Vehumet.
  8957 | D:8      | Noticed Psyche
  8966 | D:8      | Killed from afar by Psyche

Vault maps used:
D:1:      dpeg_arrival_round_a, nemelex_xobeh_ov_fountains_minmay
D:2:      cheibriados_altar_1, lemuel_doored_altar, nemelex_lonely_heart_becter,
          uniq_terence, uniq_natasha
D:3:      lemuel_round_altar, minivault_25
D:4:      grunt_temple_overflow_gold_and_silver, uniq_grinder,
          uniq_crazy_yiuf_cottage
D:5:      lemuel_castle_with_subvaults, bloody_makhleb,
          minmay_temple_entry_large_hall, first_bread,
          nicolae_ossuary_entry_plus, uniq_sigmund, uniq_edmund
D:6:      lemuel_round_altar, minmay_crystal_water, kennysheep_flooded_box,
          kennysheep_potato
D:7:      amethyst_overflow_temple_binary, serial_curves, eino_curves_02,
          eino_curves_02
D:8:      blue_anna_alchemist, uniq_joseph, uniq_psyche, uniq_pikel
Temple:   jpeg_temple_alley_garden_8
Ossuary:  minmay_ossuary_gauntlet

Action                   |  1- 3 |  4- 6 |  7- 9 || total
-------------------------+-------+-------+-------++-------
Melee: Short sword       |    13 |     3 |       ||    16
       Dagger            |       |    41 |   183 ||   224
 Cast: Shock             |    92 |   146 |   318 ||   556
       Repel Missiles    |     1 |       |     1 ||     2
       Static Discharge  |       |       |     3 ||     3
 Abil: Evoke Flight      |       |       |     1 ||     1
  Use: Scroll            |       |     4 |    10 ||    14
       Potion            |       |       |     1 ||     1
 Stab: Sleeping          |       |     5 |     9 ||    14
  Eat: Chunk             |     3 |    10 |    12 ||    25
       Beef jerky        |       |       |     1 ||     1
